 Dungeon Crawl Stone Soup version 0.24-a0-102-g7635c99 (webtiles) character file.

Game seed: 423104006182013844

329384 nikopol the Hoplite (level 20, 0/192 HPs)
             Began as a Minotaur Fighter on Feb 8, 2019.
             Was the Champion of Okawaru.
             Succumbed to a lich's poison arrow
             ... on level 3 of the Vaults on Feb 12, 2019.
             The game lasted 02:29:53 (44038 turns).

nikopol the Hoplite (Minotaur Fighter)             Turns: 44038, Time: 02:29:53

Health: 0/192      AC: 34    Str: 36      XL:     20   Next: 82%
Magic:  19/19      EV: 16    Int:  3 (5)  God:    Okawaru [******]
Gold:   1211       SH: 32    Dex: 16      Spells: 19/19 levels left

rFire    + . .     SeeInvis .   a - +6 war axe "Leviticus" {protect, rPois}
rCold    . . .     Gourm    .   x - +2 large shield {rF+}
rNeg     . . .     Faith    .   L - +1 chain mail of Dogma {MR+ Regen+ Dex+2 Stlth+}
rPois    +         Spirit   .   (helmet restricted)
rElec    .         Reflect  +   N - +1 cloak of Yzeiholu {rPois rCorr Dex+3}
rCorr    +         Harm     .   I - +1 pair of gloves {Str+3}
MR       +....                  b - +2 pair of boots
Stlth    ..........             O - +3 amulet of reflection
HPRegen  0.82/turn              E - +6 ring of strength
MPRegen  0.16/turn              k - +4 ring of protection

@: lethally poisoned (0 -> -4), vulnerable, protection aura, slowed, very slow
A: retaliatory headbutt, horns 2, clumsy 1, screaming 2
}: 2/15 runes: decaying, serpentine
a: Heroism, Finesse, Renounce Religion


You were on level 3 of the Vaults.
You worshipped Okawaru.
Okawaru was exalted by your worship.
You were hungry.

You visited 7 branches of the dungeon, and saw 36 of its levels.
You visited the Abyss 3 times.
You visited 1 bazaar.
You also visited: Ice Cave and Desolation.

You collected 2989 gold pieces.
You spent 1778 gold pieces at shops.

Inventory:

Hand Weapons
 a - the +6 war axe "Leviticus" (weapon) {protect, rPois}
   (You found it on level 10 of the Dungeon)

   It protects the one who uses it against injury (+AC on strike).
   It protects you from poison.
 c - the +9 mace of the Pill Bug {crush, rF+ rN+ Dex+2}
   (You took it off a naga on level 2 of the Snake Pit)

   It inflicts extra damage upon your enemies.
   It affects your dexterity (+2).
   It protects you from fire.
   It protects you from negative energy.
 z - the +5 war axe of Crusades {antimagic, Dex+5}
   (Okawaru gifted it to you on level 2 of the Abyss)

   It reduces the magical energy of the wielder, and disrupts the spells and
   magical abilities of those hit.
   Natural abilities and divine invocations are not affected.
   It affects your dexterity (+5).
Missiles
 p - 2 needles of confusion
 Z - 5 steel javelins (quivered)
Armour
 b - a +2 pair of boots (worn)
 x - a +2 large shield of fire resistance (worn)
 I - a +1 pair of gloves of strength (worn)
 L - the +1 chain mail of Dogma (worn) {MR+ Regen+ Dex+2 Stlth+}
   (You bought it in a shop in a bazaar)

   It affects your dexterity (+2).
   It affects your resistance to hostile enchantments.
   It increases your rate of regeneration.
   It makes you more stealthy.
 N - the +1 cloak of Yzeiholu (worn) {rPois rCorr Dex+3}
   (Okawaru gifted it to you on level 4 of the Snake Pit)

   It affects your dexterity (+3).
   It protects you from poison.
   It provides partial protection from all sources of acid and corrosion.
Jewellery
 k - a +4 ring of protection (right hand)
 E - a +6 ring of strength (left hand)
 O - a +3 amulet of reflection (around neck)
 W - the amulet "Nogeuzosk" {Acrobat rPois SInv}
   (You acquired it on level 2 of the Swamp)

   [amulet of the acrobat]

   It helps you evade while moving and waiting.
   It protects you from poison.
   It lets you see invisible.
Wands
 j - a wand of polymorph (10)
 n - a wand of acid (7)
 F - a wand of digging (7)
 H - a wand of iceblast (18)
 J - a wand of disintegration (53)
 P - a wand of flame (27)
 R - a wand of paralysis (26)
Scrolls
 d - 3 scrolls of fear
 g - 13 scrolls of remove curse
 m - 6 scrolls of identify
 r - 8 scrolls of amnesia
 s - 6 scrolls of enchant weapon
 t - 3 scrolls of teleportation
 y - a scroll of blinking
 B - a scroll of magic mapping
 D - 4 scrolls of immolation
 Q - 3 scrolls of brand weapon
 T - 2 scrolls of fog
 V - a scroll of silence
Potions
 h - 4 potions of resistance
 i - 7 potions of cancellation
 l - 5 potions of magic
 o - 12 potions of curing
 q - a potion of heal wounds
 v - 10 potions of flight
 A - 4 potions of lignification
 C - 3 potions of agility
 G - 7 potions of haste
 M - 6 potions of invisibility
 U - 5 potions of might
 Y - 5 potions of mutation
Comestibles
 f - 68 rations


   Skills:
 + Level 19.6 Fighting
 + Level 21.2(21.3) Axes
 + Level 4.4(15.0) Maces & Flails
 + Level 12.2 Throwing
 + Level 14.9 Armour
 + Level 9.6 Dodging
 + Level 3.1 Stealth
 + Level 23.0 Shields
 + Level 0.1 Invocations
 + Level 0.4 Evocations


You had 19 spell levels left.
You didn't know any spells.
Your spell library contained the following spells:

 Spells                   Type           Power        Failure   Level  Hunger
 Animate Skeleton         Necr           N/A          91%         1    ##.....
 Beastly Appendage        Tmut           #.....       91%         1    ##.....
 Flame Tongue             Conj/Fire      #....        91%         1    ##.....
 Freeze                   Ice            #...         91%         1    ##.....
 Infusion                 Chrm           #...         91%         1    ##.....
 Magic Dart               Conj           #...         91%         1    ##.....
 Pain                     Necr           #...         91%         1    ##.....
 Summon Small Mammal      Summ           #...         91%         1    ##.....
 Call Imp                 Summ           #.......     97%         2    ###....
 Passwall                 Tmut/Erth      #.......     97%         2    ###....
 Poisonous Vapours        Pois/Air       #.....       97%         2    ###....
 Searing Ray              Conj           #.....       97%         2    ###....
 Shroud of Golubria       Chrm/Tloc      #.........   97%         2    ###....
 Song of Slaying          Chrm           #.......     97%         2    ###....
 Sticks to Snakes         Tmut           #.......     97%         2    ###....
 Swiftness                Chrm/Air       #.......     97%         2    ###....
 Throw Flame              Conj/Fire      #.....       97%         2    ###....
 Throw Frost              Conj/Ice       #.....       97%         2    ###....
 Call Canine Familiar     Summ           #.......     99%         3    ####...
 Conjure Flame            Conj/Fire      #.......     99%         3    ####...
 Dazzling Spray           Conj/Hex       #.....       99%         3    ####...
 Inner Flame              Hex/Fire       #.......     99%         3    ####...
 Mephitic Cloud           Conj/Pois/Air  #.......     99%         3    ####...
 Ozocubu's Armour         Chrm/Ice       #.......     99%         3    ####...
 Recall                   Summ/Tloc      N/A          99%         3    ####...
 Regeneration             Chrm/Necr      #.........   99%         3    ####...
 Spectral Weapon          Hex/Chrm       #.......     99%         3    ####...
 Spider Form              Tmut/Pois      #.........   99%         3    ####...
 Summon Guardian Golem    Hex/Summ       #.......     99%         3    ####...
 Vampiric Draining        Necr           #.........   99%         3    ####...
 Animate Dead             Necr           N/A          100%        4    #####..
 Force Lance              Conj/Tloc      #.......     100%        4    #####..
 Fulminant Prism          Conj/Hex       #.........   100%        4    #####..
 Ice Form                 Ice/Tmut       #.......     100%        4    #####..
 Iskenderun's Mystic Bla  Conj           #.......     100%        4    #####..
 Passage of Golubria      Tloc           N/A          100%        4    #####..
 Sticky Flame             Conj/Fire      #.......     100%        4    #####..
 Summon Ice Beast         Ice/Summ       #.......     100%        4    #####..
 Summon Lightning Spire   Summ/Air       #.......     100%        4    #####..
 Throw Icicle             Conj/Ice       #.......     100%        4    #####..
 Blade Hands              Tmut           #.........   100%        5    ######.
 Borgnjor's Vile Clutch   Necr/Erth      #.........   100%        5    ######.
 Fireball                 Conj/Fire      #.........   100%        5    ######.
 Lee's Rapid Deconstruct  Erth           #.........   100%        5    ######.
 Metabolic Englaciation   Hex/Ice        #.........   100%        5    ######.
 Bolt of Cold             Conj/Ice       #.........   100%        6    #######
 Darkness                 Hex            #.........   100%        6    #######
 Death Channel            Necr           #.........   100%        6    #######
 Freezing Cloud           Conj/Ice/Air   #.........   100%        6    #######
 Invisibility             Hex            #.......     100%        6    #######
 Ozocubu's Refrigeration  Ice            #.........   100%        6    #######
 Simulacrum               Ice/Necr       #.........   100%        6    #######
 Ring of Flames           Chrm/Fire      #.........   100%        7    #######


Dungeon Overview and Level Annotations

Branches:
Dungeon (15/15)            Temple (1/1) D:6            Lair (6/6) D:10
  Swamp (4/4) Lair:2        Snake (4/4) Lair:4        Slime (0/5) Lair:6
    Orc (2/2) D:11            Elf (0/3) Orc:2        Vaults (4/5) D:13
  Crypt (0/3) Vaults:3     Depths (0/5) D:15

Altars:
Ashenzari
Cheibriados
Dithmenos
Elyvilon
Kikubaaqudgha
Makhleb
Okawaru
Sif Muna
Trog
Uskayaw
Vehumet
Wu Jian
Xom
Yredelemnul
Zin
The Shining One
Jiyva

Shops:
Orc:2 %::!   Snake:3 *(   Vaults:2 [


Innate Abilities, Weirdness & Mutations

You reflexively headbutt those who attack you in melee.
You have a pair of horns on your head.
You are clumsy. (Dex -2)
You sometimes yell uncontrollably at your foes.


Message History

You barely miss the phantasmal warrior. You hit the phantasmal warrior.
You closely miss something.
You hit the phantasmal warrior but do no damage.
You feel sick. Something hits you.
* * * LOW HITPOINT WARNING * * *
Something drains your vigour!
You feel yourself slow down. You block the lich's attack.
You block the phantasmal warrior's attack. x2
The phantasmal warrior hits you!
* * * LOW HITPOINT WARNING * * *
Your magical defenses are stripped away!
You hear a shout!
You slash the lich!
You destroy the lich!
Okawaru accepts your kill.
The phantasmal warrior disappears in a puff of smoke!
The wraith disappears in a puff of smoke!
The phantasmal warrior disappears in a puff of smoke! x2
Reactivating autopickup.
You die...

#######...........+,,,,,,,,
########c#+##,,,,,,,,
*,.....+,,,,,,,,
*########,.....*,,,,,,,,
*,...)..#.p....*,,,,,,,,
*,,,....#pp....*********
***######§Rp.p....*
*******,.#...(#§[#,,,,,,*
,,,,,,*,.'....+§@#,,,,,,*
,,,,,,*,.'....+§§#*******
,,,,,,+,,#...Z#([#
,,,,,,***######[.# ,,,,,,*
#[).)÷).#####***** ,,,,,,*
#>).....+...#*,,,* ,,>,,,*
#########..##**,,* ,,,,,,*
*..+≈≈+,,* ,,,,,,*
*,.+≈≈+,,*


You could see a vault warden, a death knight, a yaktaur captain, a rakshasa and
a wizard (confused).

Vanquished Creatures
  Vashnia (Snake:3)
  A bone dragon (Abyss:3)
  A tentacled monstrosity (Swamp:2)
  A lich (Vaults:3)
  3 tentacled starspawn
  A sphinx (Vaults:2)
  Roxanne (Swamp:3)
  A tengu reaver (Vaults:3)
  2 thorn hunters
  Kirke (Snake:2)
  7 nagarajas (Snake:4)
  2 deep elf sorcerers
  Louise (Snake:4)
  2 frost giants
  2 orc warlords (Orc:2)
  6 vault wardens
  9 ironheart preservers
  An angel (Abyss:3)
  A very ugly thing (D:11)
  An entropy weaver (Vaults:2)
  A green draconian (Abyss:4)
  4 stone giants
  Nessos (D:13)
  A deep elf demonologist (Vaults:1)
  Azrael (D:14)
  A deep elf annihilator (Vaults:2)
  15 starcursed masses
  A yellow draconian (Abyss:3)
  3 dire elephants (Lair:6)
  A blizzard demon (Abyss:3)
  The ghost of galech the Cleaver, a journeyman DsFi of Okawaru (D:12)
  A deep elf death mage (Vaults:2)
  Snorg (Lair:3)
  3 ettins
  Josephine (Swamp:1)
  2 fire dragons
  A great orb of eyes (Vaults:3)
  2 ragged hierophants
  2 ice dragons
  8 yaktaur captains
  A rakshasa (Vaults:2)
  6 vault guards
  5 shambling mangroves
  Fannar (Orc:1)
  The ghost of tilp the Basher, a journeyman DrMo of Fedhas (D:11)
  16 hydras
  17 naga warriors
  Erolcha (D:13)
  2 peacekeepers (Desolation)
  2 ghost crabs
  4 death knights
  10 alligators
  A catoblepas (Lair:6)
  A two-headed ogre (shapeshifter) (Vaults:2)
  7 anacondas
  18 two-headed ogres
  A dancing weapon (Vaults:3)
  6 centaur warriors
  A satyr (shapeshifter) (D:15)
  2 death yaks (Lair:6)
  6 ogre magi
  A thrashing horror (Abyss:2)
  7 shock serpents
  An orc high priest (Orc:2)
  A tengu warrior (D:13)
  A soul eater (Abyss:3)
  17 naga sharpshooters
  A sun demon (Abyss:2)
  6 deep elf knights
  Sonja (Orc:1)
  Nergalle (Orc:1)
  A shadow wraith (Vaults:3)
  4 wretched stars
  A titan skeleton (Abyss:2)
  A sixfirhy (Abyss:3)
  4 glowing orange brains
  A shadow demon (Abyss:4)
  2 salamander mystics
  3 spriggan druids (Swamp:4)
  3 unseen horrors
  An anaconda zombie (Abyss:2)
  A spatial maelstrom (Abyss:4)
  8 swamp dragons
  9 deep trolls (Vaults:1)
  2 flayed ghosts
  2 wizards (Vaults:3)
  2 deep elf archers (Vaults:3)
  A shadow dragon zombie (Vaults:3)
  A necromancer (Vaults:3)
  A lindwurm (Lair:6)
  8 ironbrand convokers
  11 deep elf magi
  2 wolf spiders
  3 harpies
  4 naga ritualists
  4 orc knights
  4 mana vipers
  A stone giant zombie (Abyss:3)
  18 ugly things
  2 oklob plants
  A frost giant zombie (Vaults:3)
  2 orc sorcerers
  5 cyclopes
  8 large abominations
  A manticore (D:14)
  2 worldbinders
  A human skeleton (Vaults:3)
  8 salamanders
  32 black mambas
  23 elephants
  A guardian serpent (shapeshifter) (D:11)
  2 ice statues (IceCv)
  6 guardian serpents
  14 vault sentinels
  3 orange demons
  5 smoke demons
  12 spiny frogs
  27 naga magi
  3 torpor snails
  28 yaktaurs
  6 rime drakes
  4 freezing wraiths
  A yaktaur (shapeshifter) (Vaults:3)
  2 efreet (D:14)
  A tormentor (Abyss:4)
  A komodo dragon (shapeshifter) (Vaults:1)
  6 komodo dragons
  A kobold demonologist (D:14)
  A tengu conjurer (D:15)
  A queen bee (D:11)
  12 polar bears
  5 ancient zymes
  A meliai (shapeshifter) (Vaults:1)
  A tengu simulacrum (Vaults:3)
  25 blink frogs
  8 tyrant leeches
  12 trolls
  23 hornets
  Prince Ribbit (D:5)
  33 slime creatures
  10 saltlings
  3 bog bodies
  14 dream sheep
  9 hippogriffs
  8 raiju
  2 redbacks (Vaults:2)
  5 shadows
  An ettin zombie (Vaults:3)
  2 ynoxinuls
  A water elemental (D:15)
  Sigmund (D:3)
  4 spriggans
  8 wraiths
  A dire elephant simulacrum (Abyss:2)
  10 humans (D:13)
  5 fire elementals (D:14)
  5 hogs (Snake:2)
  58 yaks
  3 vampires
  4 wyverns
  A basilisk (shapeshifter) (Vaults:1)
  A steam dragon (D:12)
  11 vampire mosquitoes
  2 basilisks
  7 neqoxecs
  2 hungry ghosts
  8 wargs
  A spatial vortex (Abyss:4)
  4 chaos spawn
  6 acid dragons
  23 insubstantial wisps
  21 swamp worms
  A soldier ant (D:14)
  54 nagas
  A swamp worm (shapeshifter) (Vaults:3)
  Duvessa (D:7)
  4 hell hounds
  11 water moccasins
  15 swamp drakes
  4 porcupines
  A hornet zombie (D:9)
  A black bear (D:11)
  3 eyes of draining
  40 orc warriors
  3 ice beasts
  2 sky beasts
  26 ogres
  10 small abominations
  A phantom (D:8)
  14 centaurs
  4 boggarts (D:14)
  21 wolves
  A tengu (shapeshifter) (Vaults:1)
  A big kobold (shapeshifter) (Vaults:3)
  12 crocodiles
  An elf simulacrum (Vaults:1)
  14 bullfrogs
  A bullfrog (shapeshifter) (D:11)
  2 big kobolds
  A gnoll sergeant (D:9)
  2 wyvern zombies
  2 wyvern skeletons
  Dowan (D:7)
  4 scorpions
  34 killer bees
  7 howler monkeys
  18 wights
  3 electric eels
  7 crimson imps
  3 bullfrog zombies
  8 jellies
  2 quasits
  7 centaur zombies
  4 hounds
  14 orc priests
  7 bullfrog skeletons
  3 iron imps
  6 centaur skeletons
  4 iguanas
  25 orc wizards
  14 worker ants
  2 hound zombies
  A hound skeleton (D:7)
  Robin (D:2)
  22 gnolls
  14 adders
  An adder (shapeshifter) (D:11)
  2 shadow imps
  6 white imps
  An ufetubus (Abyss:2)
  5 oozes
  3 adder skeletons
  3 adder zombies
  4 worms
  3 dart slugs
  2 leopard geckos
  70 orcs
  7 bats
  2 giant cockroaches
  10 goblins
  11 hobgoblins
  2 jackals (D:11)
  A jackal (shapeshifter) (D:11)
  2 quokkas
  4 ball pythons
  A ball python skeleton (D:4)
  6 frilled lizards
  11 kobolds
  A leopard gecko skeleton (D:6)
  A leopard gecko zombie (D:5)
  A quokka skeleton (D:8)
  A quokka zombie (D:9)
  6 rats
  A bush (Lair:1)
  6 fungi
  11 plants
  3 starspawn tentacles
1570 creatures vanquished.

Vanquished Creatures (others)
  A ragged hierophant (Desolation)
  2 yaktaur captains
  2 centaur warriors
  4 naga sharpshooters
  A death drake (Abyss:2)
  An ironbrand convoker (Desolation)
  A deep elf mage (Vaults:2)
  2 cyclopes
  A naga mage (Snake:4)
  10 yaktaurs
  A tyrant leech (Swamp:2)
  4 insubstantial wisps (Swamp:2)
  7 orc warriors (Orc:2)
  8 centaurs
  A quasit (Abyss:3)
  An ufetubus (Abyss:3)
  5 orcs (Orc:2)
  A briar patch (Swamp:3)
  6 fungi
  2 lurking horrors (Abyss:3)
  25 plants
  4 starspawn tentacles
90 creatures vanquished.

Grand Total: 1660 creatures vanquished

Notes
Turn   | Place    | Note
-------+----------+-------------------------------------------
     0 | D:1      | nikopol the Minotaur Fighter began the quest for the Orb.
     0 | D:1      | Reached XP level 1. HP: 19/19 MP: 0/0
   178 | D:1      | Reached XP level 2. HP: 25/27 MP: 1/1
   587 | D:2      | Reached XP level 3. HP: 25/33 MP: 2/2
   590 | D:2      | Reached skill level 4 in Shields
   876 | D:2      | Reached XP level 4. HP: 37/41 MP: 3/3
   950 | D:2      | Identified the +1 helmet of Disguise {*Slow Str+4 Int+10}
   950 | D:2      | Noticed Robin
   956 | D:2      | Killed Robin
  1658 | D:3      | Noticed Sigmund
  1665 | D:3      | Reached XP level 5. HP: 47/47 MP: 4/4
  1669 | D:3      | Killed Sigmund
  1669 | D:3      | Reached skill level 1 in Dodging
  1669 | D:3      | Reached skill level 5 in Shields
  1669 | D:3      | Reached XP level 6. HP: 52/53 MP: 5/5
  2042 | D:3      | Reached skill level 5 in Axes
  2198 | D:4      | Reached skill level 5 in Armour
  3149 | D:5      | Entered Level 5 of the Dungeon
  3231 | D:5      | Reached XP level 7. HP: 39/60 MP: 6/6
  3394 | D:5      | Reached skill level 5 in Fighting
  3404 | D:5      | Found an ornate altar of the Wu Jian Council.
  3607 | D:5      | Noticed Prince Ribbit
  3620 | D:5      | Killed Prince Ribbit
  3620 | D:5      | Reached skill level 6 in Shields
  4186 | D:5      | Reached XP level 8. HP: 54/69 MP: 7/7
  4273 | D:5      | HP: 3/69 [orc warrior/+0 dire flail (23)]
  4687 | D:6      | Found a staircase to the Ecumenical Temple.
  4805 | Temple   | Entered the Ecumenical Temple
  4911 | Temple   | Became a worshipper of Warmaster Okawaru
  5119 | D:6      | Reached skill level 1 in Stealth
  5137 | D:6      | Noticed a hippogriff
  5150 | D:6      | Killed a hippogriff
  5163 | D:6      | Reached * piety under Okawaru
  5163 | D:6      | Reached skill level 7 in Shields
  5741 | D:7      | Reached XP level 9. HP: 78/78 MP: 8/8
  5793 | D:7      | Noticed Dowan
  5812 | D:7      | Killed Dowan
  5812 | D:7      | Noticed Duvessa
  6032 | D:7      | Reached ** piety under Okawaru
  6228 | D:7      | Killed Duvessa
  6291 | D:7      | Found a white marble altar of Elyvilon.
  6789 | D:8      | Reached skill level 10 in Axes
  7068 | D:8      | Reached skill level 8 in Shields
  7209 | D:8      | Noticed a two-headed ogre
  7222 | D:8      | Killed a two-headed ogre
  7222 | D:8      | Reached *** piety under Okawaru
  7222 | D:8      | Reached XP level 10. HP: 9/86 MP: 9/9
  7331 | D:8      | Noticed a deep elf mage
  7346 | D:8      | Killed a deep elf mage
  7804 | D:8      | Reached skill level 9 in Shields
  7905 | D:8      | Noticed a two-headed ogre
  7911 | D:8      | Killed a two-headed ogre
  7911 | D:8      | Reached **** piety under Okawaru
  8609 | D:9      | Noticed a two-headed ogre
  8620 | D:9      | Killed a two-headed ogre
  9027 | D:10     | Entered Level 10 of the Dungeon
  9104 | D:10     | Reached ***** piety under Okawaru
  9104 | D:10     | Reached skill level 10 in Shields
  9121 | D:10     | Reached skill level 1 in Throwing
  9131 | D:10     | Reached XP level 11. HP: 55/95 MP: 10/10
  9414 | D:10     | Found a staircase to the Lair.
  9414 | D:10     | Noticed a two-headed ogre
  9420 | D:10     | Killed a two-headed ogre
  9512 | D:10     | Noticed a two-headed ogre
  9524 | D:10     | Killed a two-headed ogre
  9524 | D:10     | Reached skill level 5 in Dodging
  9683 | D:10     | Got a transparent war axe
  9684 | D:10     | Identified the +6 war axe "Leviticus" {protect, rPois} (You
                  | found it on level 10 of the Dungeon)
  9701 | D:10     | Noticed a death knight
  9713 | D:10     | Killed a death knight
  9713 | D:10     | Received a gift from Okawaru
 10456 | D:11     | Noticed a red ugly thing
 10471 | D:11     | Killed a red ugly thing
 10522 | D:11     | Reached skill level 11 in Shields
 10537 | D:11     | Reached skill level 10 in Fighting
 10596 | D:11     | Found a staircase to the Orcish Mines.
 10605 | D:11     | Reached ****** piety under Okawaru
 11107 | D:11     | Reached XP level 12. HP: 106/106 MP: 11/11
 11128 | D:11     | Found a runed translucent gate.
 11128 | D:11     | Found a runed translucent gate.
 11130 | D:11     | Found a runed translucent gate.
 11132 | D:11     | Noticed a purple very ugly thing
 11214 | Lair:1   | Entered Level 1 of the Lair of Beasts
 11927 | Lair:1   | HP: 4/107 [acid (13)]
 12368 | Lair:1   | Received a gift from Okawaru
 12490 | Lair:2   | Found an ornate altar of the Wu Jian Council.
 12775 | Lair:2   | Found an iron altar of Okawaru.
 12812 | Lair:2   | You fall through a shaft!
 12939 | Lair:2   | Noticed a four-headed hydra
 12950 | Lair:2   | Killed a four-headed hydra
 13248 | Lair:2   | Reached skill level 1 in Maces & Flails
 13248 | Lair:2   | Reached skill level 12 in Shields
 13252 | Lair:2   | Found a staircase to the Swamp.
 13842 | Lair:3   | Reached skill level 10 in Armour
 13956 | Lair:3   | Noticed Snorg
 13978 | Lair:3   | Killed Snorg
 14479 | Lair:3   | Reached skill level 13 in Shields
 14494 | Lair:3   | Received a gift from Okawaru
 14875 | Lair:3   | Reached skill level 15 in Axes
 15065 | Lair:4   | Reached XP level 13. HP: 113/116 MP: 12/12
 15506 | Lair:4   | Found a staircase to the Snake Pit.
 16711 | Lair:5   | Received a gift from Okawaru
 16905 | Lair:6   | Entered Level 6 of the Lair of Beasts
 17209 | Lair:6   | Reached skill level 14 in Shields
 17223 | Lair:6   | Received a gift from Okawaru
 17503 | Lair:6   | Reached XP level 14. HP: 125/126 MP: 13/13
 17710 | Lair:6   | Found a staircase to the Slime Pits.
 17710 | Lair:6   | Found a viscous altar of Jiyva.
 18499 | Orc:1    | Entered Level 1 of the Orcish Mines
 18805 | Orc:2    | Entered Level 2 of the Orcish Mines
 18805 | Orc:2    | Found a bloodstained altar of Trog.
 18823 | Orc:2    | Noticed an orc warlord
 18825 | Orc:2    | Received a gift from Okawaru
 18826 | Orc:2    | Got a dazzling war axe {god gift}
 18831 | Orc:1    | Identified the +4 war axe of Batennya {flame, *Rage Str+6
                  | Int-2 Dex+8} (Okawaru gifted it to you on level 2 of the
                  | Orcish Mines)
 18895 | Orc:2    | Killed an orc warlord
 19011 | Orc:2    | Reached skill level 15 in Shields
 19032 | Orc:2    | Found a frozen archway.
 19041 | IceCv    | Entered an ice cave
 19794 | IceCv    | Noticed a frost giant
 19811 | IceCv    | Received a gift from Okawaru
 19827 | IceCv    | Killed a frost giant
 20126 | IceCv    | Got a translucent glaive
 20129 | IceCv    | Got a warped great mace
 20275 | Orc:2    | Found a staircase to the Elven Halls.
 20320 | Orc:2    | Identified the +8 glaive of Dullness {drain, MR+} (You
                  | found it in an ice cave)
 20321 | Orc:2    | Identified the +0 great mace "Latecud" {pain, rElec MR+}
                  | (You found it in an ice cave)
 20492 | Orc:2    | Noticed an orc warlord
 20520 | Orc:2    | Killed an orc warlord
 20796 | Orc:2    | Reached skill level 5 in Throwing
 20887 | Orc:2    | Found Doqasheh's Book Shoppe.
 20887 | Orc:2    | Found Luditsie's Book Shop.
 20891 | Orc:2    | Found Varch's Food Boutique.
 20893 | Orc:2    | Found Uvoppoq's Distillery.
 21157 | Orc:2    | Bought a potion of berserk rage for 85 gold pieces
 21157 | Orc:2    | Bought a potion of heal wounds for 85 gold pieces
 21157 | Orc:2    | Bought a potion of curing for 51 gold pieces
 21157 | Orc:2    | Bought a potion of might for 68 gold pieces
 21157 | Orc:2    | Bought a potion of haste for 170 gold pieces
 21157 | Orc:2    | Bought a potion of might for 68 gold pieces
 21349 | Orc:1    | Noticed Nergalle
 21364 | Orc:1    | Killed Nergalle
 21375 | Orc:1    | Noticed Fannar
 21396 | Orc:1    | Killed Fannar
 21446 | Orc:1    | Noticed Sonja
 21448 | Orc:1    | Killed Sonja
 21448 | Orc:1    | Received a gift from Okawaru
 21448 | Orc:1    | Reached XP level 15. HP: 137/137 MP: 14/14
 21451 | Orc:1    | Got a wizard robe {god gift}
 21462 | Orc:1    | Identified the +1 robe of Darkness {rElec MR++ Int-5 Dex+3}
                  | (Okawaru gifted it to you on level 1 of the Orcish Mines)
 21462 | Orc:1    | Lost intelligence.
 21658 | D:11     | Reached skill level 16 in Shields
 21670 | D:11     | Found a runed translucent gate.
 21670 | D:11     | Found a runed translucent gate.
 21676 | D:11     | Noticed tilp's ghost (journeyman DrMo)
 21678 | D:11     | Found a runed translucent gate.
 21814 | D:11     | Killed tilp's ghost
 22560 | D:12     | Found a large runed translucent door.
 22560 | D:12     | Found a large runed translucent door.
 22604 | D:12     | Noticed galech's ghost (journeyman DsFi)
 22669 | D:12     | Killed galech's ghost
 23036 | D:13     | Found a glowing silver altar of Zin.
 23037 | D:13     | Upgraded the game from 0.24-a0-91-g4e4936a to
                  | 0.24-a0-92-g7d8ec57
 23419 | D:13     | Noticed Erolcha
 23426 | D:13     | Killed Erolcha
 23465 | D:13     | Noticed Nessos
 23471 | D:13     | Killed Nessos
 23819 | D:13     | Found a gate to the Vaults.
 23975 | D:13     | Received a gift from Okawaru
 24284 | D:14     | Noticed Azrael
 24299 | D:14     | Killed Azrael
 24570 | D:14     | Received a gift from Okawaru
 25063 | D:14     | Received a gift from Okawaru
 25490 | D:15     | Entered Level 15 of the Dungeon
 25562 | D:15     | Reached XP level 16. HP: 147/147 MP: 15/15
 25610 | D:15     | Reached skill level 17 in Shields
 25663 | D:15     | Reached skill level 15 in Fighting
 25894 | D:15     | Found a shattered altar of Ashenzari.
 26039 | D:15     | Received a gift from Okawaru
 26341 | D:11     | Gained mutation: You occasionally shout uncontrollably at
                  | your foes. [a neqoxec]
 26439 | Swamp:1  | Entered Level 1 of the Swamp
 26439 | Swamp:1  | Noticed Josephine
 26463 | Swamp:1  | Killed Josephine
 26694 | Swamp:1  | Received a gift from Okawaru
 26819 | Swamp:1  | Found an ancient bone altar of Kikubaaqudgha.
 26939 | Swamp:1  | Received a gift from Okawaru
 27791 | Swamp:2  | Identified a scroll of acquirement
 27792 | Swamp:2  | Got a scorched ruby amulet
 27855 | Swamp:2  | Noticed a tentacled monstrosity
 27882 | Swamp:2  | Killed a tentacled monstrosity
 28464 | Swamp:3  | HP: 3/150 [shambling mangrove (10)]
 28879 | Swamp:3  | Noticed a thorn hunter
 28899 | Swamp:3  | Killed a thorn hunter
 29242 | Swamp:2  | Reached skill level 18 in Shields
 29420 | Swamp:3  | Identified the amulet "Nogeuzosk" {Acrobat rPois SInv} (You
                  | acquired it on level 2 of the Swamp)
 29532 | Swamp:3  | Received a gift from Okawaru
 29865 | Swamp:3  | Identified Roxanne's Papyrus of Earth
 29865 | Swamp:3  | Noticed Roxanne
 29883 | Swamp:3  | Killed Roxanne
 30266 | Swamp:4  | Entered Level 4 of the Swamp
 30522 | Swamp:4  | Reached XP level 17. HP: 95/158 MP: 16/16
 30835 | Swamp:4  | Received a gift from Okawaru
 30896 | Swamp:4  | Reached skill level 10 in Throwing
 31024 | Swamp:4  | Received a gift from Okawaru
 31052 | Swamp:4  | Got a blackened large shield
 31063 | Swamp:4  | Identified the +0 large shield "Wanluvyck" {Int+4} (You
                  | found it on level 4 of the Swamp)
 31147 | Swamp:4  | Got a decaying rune of Zot
 31219 | Swamp:4  | Got a translucent scale mail
 31332 | Swamp:4  | Identified the +1 scale mail of Yrielif {+Fly Str+2 Dex+3}
                  | (You found it on level 4 of the Swamp)
 31464 | Swamp:4  | Upgraded the game from 0.24-a0-92-g7d8ec57 to
                  | 0.24-a0-93-ge1bfdf8
 31811 | Snake:1  | Entered Level 1 of the Snake Pit
 32553 | Snake:2  | Noticed Kirke
 32572 | Snake:2  | Killed Kirke
 32774 | Snake:2  | Identified the +9 mace of the Pill Bug {crush, rF+ rN+
                  | Dex+2}
 33601 | Snake:3  | Reached skill level 19 in Shields
 33755 | Snake:3  | Found Lamutut's Luxury Loot.
 33756 | Snake:3  | Found Rafasobb's Antique Weapon Shoppe.
 33894 | Snake:3  | Received a gift from Okawaru
 33944 | Snake:3  | Noticed Vashnia
 33984 | Snake:3  | Killed Vashnia
 34482 | Snake:4  | Entered Level 4 of the Snake Pit
 34511 | Snake:4  | Reached XP level 18. HP: 112/168 MP: 17/17
 35152 | Snake:4  | Received a gift from Okawaru
 35516 | Snake:4  | Noticed Louise
 35524 | Snake:4  | Cast into level 2 of the Abyss (Louise)
 35659 | Abyss:2  | Gained mutation: You are clumsy. (Dex -2) [a neqoxec]
 35665 | Abyss:2  | Gained mutation: You sometimes yell uncontrollably at your
                  | foes. [a neqoxec]
 35854 | Abyss:2  | Found a corrupted altar of Lugonu.
 35864 | Abyss:2  | Found a corrupted altar of Lugonu.
 35876 | Abyss:2  | Received a gift from Okawaru
 35919 | Abyss:2  | Found a corrupted altar of Lugonu.
 35964 | Abyss:2  | Found a corrupted altar of Lugonu.
 36022 | Abyss:2  | Paralysed by accursed screaming for 2 turns
 36108 | Abyss:2  | Received a gift from Okawaru
 36112 | Abyss:2  | Got a smoking war axe {god gift}
 36206 | Abyss:2  | Reached skill level 20 in Shields
 36275 | Snake:4  | Escaped the Abyss
 36292 | Snake:4  | HP: 11/253 [naga warrior/+0 mace (5)]
 36301 | Snake:4  | Killed Louise
 37075 | Snake:4  | Received a gift from Okawaru
 37561 | Snake:4  | Received a gift from Okawaru
 37564 | Snake:4  | Got a brightly glowing cloak {god gift}
 37575 | Snake:4  | Identified the +1 cloak of Yzeiholu {rPois rCorr Dex+3}
                  | (Okawaru gifted it to you on level 4 of the Snake Pit)
 37592 | Snake:4  | Identified the +5 war axe of Crusades {antimagic, Dex+5}
                  | (Okawaru gifted it to you on level 2 of the Abyss)
 38090 | Snake:4  | Got a serpentine rune of Zot
 38494 | Vaults:1 | Entered Level 1 of the Vaults
 38555 | Vaults:1 | Found a ruined gateway.
 38580 | Desolati | Entered the Desolation of Salt
 38611 | Desolati | Reached XP level 19. HP: 164/178 MP: 18/18
 38694 | Desolati | Upgraded the game from 0.24-a0-93-ge1bfdf8 to
                  | 0.24-a0-102-g7635c99
 39146 | Vaults:1 | Reached skill level 21 in Shields
 39783 | Vaults:1 | Received a gift from Okawaru
 40076 | Vaults:1 | Received a gift from Okawaru
 40475 | Vaults:1 | Received a gift from Okawaru
 40478 | Vaults:1 | Got an encrusted war axe {god gift}
 40479 | Vaults:1 | Identified the +1 war axe "Jasmurr" {elec, rPois MR+ Str-2}
                  | (Okawaru gifted it to you on level 1 of the Vaults)
 41775 | Vaults:2 | Received a gift from Okawaru
 41802 | Vaults:2 | Reached skill level 22 in Shields
 42103 | Vaults:2 | Reached XP level 20. HP: 189/189 MP: 19/19
 42149 | Vaults:2 | Found Peli's Antique Armour Emporium.
 42157 | Vaults:2 | Bought a crude chain mail for 304 gold pieces
 42157 | Vaults:2 | Bought a fine scale mail for 288 gold pieces
 42157 | Vaults:2 | Bought a slimy scale mail for 288 gold pieces
 42172 | Vaults:2 | Identified the +1 chain mail of Trog's Approval {*Drain
                  | rPois MR++ Stlth+} (You bought it in a shop on level 2 of
                  | the Vaults)
 42187 | Vaults:2 | Identified the +2 scale mail of the Tired Scars {rC++ MP+9}
                  | (You bought it in a shop on level 2 of the Vaults)
 42197 | Vaults:2 | Identified the +0 scale mail of the Fife {*Drain MR+ Dex+2}
                  | (You bought it in a shop on level 2 of the Vaults)
 42436 | Vaults:3 | Found a flickering gateway to a bazaar.
 42462 | Bazaar   | Entered a bazaar
 42462 | Bazaar   | Found Apebbiory's Distillery.
 42462 | Bazaar   | Found Xipof's Antique Armour Shoppe.
 42462 | Bazaar   | Found Qifissi's Armour Emporium.
 42464 | Bazaar   | Found Ujebbie's Armour Emporium.
 42475 | Bazaar   | Bought a fine chain mail for 190 gold pieces
 42482 | Bazaar   | Identified the cursed +1 chain mail of Dogma {MR+ Regen+
                  | Dex+2 Stlth+} (You bought it in a shop in a bazaar)
 42501 | Bazaar   | Bought a +2 pair of boots for 181 gold pieces
 42613 | Vaults:3 | Got a twitching marble ring
 42614 | Vaults:3 | Identified the ring of Symmetry {*Tele MP-9 Dex+3} (You
                  | found it on level 3 of the Vaults)
 42814 | Vaults:3 | Cast into level 4 of the Abyss (a lich)
 42980 | Abyss:4  | Received a gift from Okawaru
 42984 | Abyss:4  | HP: 8/191 [tentacled starspawn (19)]
 42994 | Vaults:3 | Escaped the Abyss
 43509 | Vaults:3 | You fall through a shaft!
 43741 | Vaults:3 | Cast into level 3 of the Abyss (a lich)
 43936 | Abyss:3  | HP: 3/191 [starcursed mass/accursed screaming (8)]
 43943 | Abyss:3  | Noticed a bone dragon
 43970 | Abyss:3  | Killed a bone dragon
 43970 | Abyss:3  | Reached skill level 23 in Shields
 43994 | Abyss:3  | HP: 1/191 [soul eater/drain life (10)]
 44025 | Vaults:3 | Escaped the Abyss
 44037 | Vaults:3 | HP: 1/192 [phantasmal warrior[a lich] (11)]
 44038 | Vaults:3 | Succumbed to a lich's poison arrow

Levels and vault maps discovered:
D:1:      scummos_arrival_checkerplants, layout_basic, minmay_misc_feat_enclosed
D:2:      layout_loops_ring, minmay_cupped, uniq_robin
D:3:      cheibrodos_thug_alley, layout_loops_ring, first_ration, uniq_sigmund
D:4:      layout_layer_cave
D:5:      layout_basic, basic_altar, minmay_misc_feat_iff, uniq_prince_ribbit1
D:6:      layout_cave_pods, minmay_temple_entry_stoned_glass
D:7:      layout_basic, old_standard_altar, uniq_duvessa
D:8:      minmay_razor_zed, layout_basic
D:9:      layout_layer_cave
D:10:     layout_roguey, lair_entry_dummy
D:11:     layout_long_grid, minmay_orc_entry_guard_dogs, special_room
          [special_room_bee], ploomutoo_gammafunk_ghost_potion_laboratory
D:12:     layout_roguey, ebering_ghost_disaster_area
D:13:     layout_roguey, ximxim_vaults_locker_room, basic_altar,
          grunt_livestock, worms_lemuel, uniq_erolcha, uniq_nessos
D:14:     layout_gridville, kennysheep_kite_vault, uniq_azrael
D:15:     hangedman_depths_entry_try_elsewhere_first, layout_basic, basic_altar,
          bh_walls_and_bars, serial_bayou_lagoon_a
Temple:   kilobyte_greek_temple
Lair:1:   layout_long_grid, minmay_lair_oklob_bushes
Lair:2:   layout_hall_layers, swamp_mist_pool, basic_altar, lemuel_centaur_altar
Lair:3:   layout_concentric_octagons, lemuel_fruit_fields, uniq_snorg
Lair:4:   layout_gridlike, dummy_snake_entry, grunt_megastairs_2,
          infiniplex_staircase_pool
Lair:5:   layout_layer_cave
Lair:6:   due_jungle_book, layout_gridlike, slime_altar_1,
          infiniplex_staircase_pool_2, serial_bayou_shore_b
Swamp:1:  layout_basic_swamp, lemuel_altar_in_water, uniq_josephine
Swamp:2:  cheibrodos_swamp_monstrosity, layout_basic_swamp,
          evilmike_swamp_ruin_rubble_1
Swamp:3:  layout_basic_swamp, nicolae_swamp_little_tower, swamp_pool1,
          nicolae_swamp_alligator_family, uniq_roxanne
Swamp:4:  swamp_alternative, layout_basic_swamp
Snake:1:  layout_rooms, serial_bayou_shore_b, lemuel_fruit_tree
Snake:2:  layout_cave_town, uniq_kirke
Snake:3:  layout_grid_maze, serial_shops, shop, drop_trap, st_stairs_6,
          nicolae_alphabet_shops, uniq_vashnia
Snake:4:  snake_pit, layout_onion, uniq_louise
Orc:1:    layout_diamond_mine, uniq_nergalle, uniq_sonja, uniq_fannar
Orc:2:    st_orc_rangers, layout_diamond_mine, portal_ice_cave_entry_pillars_1,
          basic_altar, enter_volcano_3, library_closet
Vaults:1: v_misc_14, vaults_mumra_chevron, ontoclasm_vaults_ring_large,
          nicolae_vaults_ring_of_whatevers, vaults_dpeg_diagonal,
          nicolae_vaults_little_squares_3, nicolae_vaults_ninety_degrees,
          hangedman_vaults_hat, vaults_standard_mumra_lines,
          nicolae_vaults_circle_grid_b, vaults_room_grunt_arrival_ludios,
          hangedman_vaults_restitches, ontoclasm_vaults_ring_small,
          v_alt_pattern_5, vaults_room_hallway, layout_vaults_big_room,
          portal_desolation_entry_nicolae_nacl
Vaults:2: nicolae_vaults_network_s, v_misc_32, st_lines,
          hangedman_vaults_capsules, vaults_room_door_hall, v_misc_27,
          vaults_room_pools, hangedman_vaults_variations,
          ontoclasm_vaults_ring_large, vaults_dpeg_cross,
          ontoclasm_vaults_hangar, nicolae_vaults_little_ls, vaults_mumra_lcd,
          layout_vaults_omnibox, serial_shops, shop
Vaults:3: minmay_crypt_entry_necro_gods, v_misc_4, v_misc_8,
          hangedman_vaults_corner_blocks, vaults_room_door_hall,
          ontoclasm_vaults_decontamination, grunt_vaults_hallway_long,
          hangedman_vaults_unwind, nicolae_vaults_rhombus_6,
          nicolae_vaults_alarming, dpeg_vaults_pockets_of_resistance,
          v_pattern_3, layout_vaults_maze_bifur, serial_shops, bzr_entry_islet
Vaults:4: vaults_room_grid, v_pattern_4, nicolae_vaults_puzzle_piece,
          nicolae_vaults_circle_grid_a, vaults_room_octagon, v_misc_33,
          v_misc_8, vaults_room_door_ring, layout_vaults_omnigrid
Abyss:2
Abyss:3
Abyss:4:  evilmike_abyss_exit_7, hangedman_eye_storm
Bazaar:   bazaar_general_marketplace
IceCv:    ice_cave_small_giant
Desolation

Skill      XL: |  1  2  3  4  5  6  7  8  9 10 11 12 13 14 15 16 17 18 19 20 |
---------------+-------------------------------------------------------------+-----
Armour         | 4 5 6 7 8 9 10 11 12 13 14 | 14.9
Fighting       | 4 5 6 7 8 10 11 12 13 14 16 17 18 19 | 19.6
Shields        | 4 5 6 7 8 10 11 13 14 15 16 18 19 20 22 23 | 23.0
Axes           | 3 4 5 6 8 10 12 14 15 16 17 18 19 20 21 | 21.2
Dodging        | 1 2 3 4 5 6 7 8 9 |  9.6
Stealth        | 1 2 3 |  3.1
Throwing       | 1 2 4 5 8 9 11 12 | 12.2
Maces & Flails | 1 2 3 4 |  4.4
Invocations    | |  0.1
Evocations     | |  0.4

Action                   |  1- 3 |  4- 6 |  7- 9 | 10-12 | 13-15 | 16-18 | 19-21 || total
-------------------------+-------+-------+-------+-------+-------+-------+-------++-------
Melee: War axe           |    62 |   154 |   290 |   594 |  1195 |  1352 |  1081 ||  4728
       Headbutt          |     9 |    18 |    59 |   142 |   350 |   380 |   387 ||  1345
       Morningstar       |       |       |       |     7 |    10 |    36 |       ||    53
Throw: Tomahawk          |       |       |       |    36 |   223 |   127 |    35 ||   421
       Javelin           |       |       |       |       |       |   315 |    27 ||   342
Invok: Heroism           |       |       |       |     2 |     1 |       |     1 ||     4
Evoke: Wand              |       |       |       |       |     2 |     1 |       ||     3
  Use: Potion            |       |     1 |       |     1 |       |    14 |    10 ||    26
       Scroll            |       |       |    11 |     6 |    11 |    14 |     8 ||    50
 Stab: Confused          |       |       |       |       |       |     2 |       ||     2
       Distracted        |       |       |       |       |       |     1 |       ||     1
  Eat: Chunk             |       |     7 |    11 |    22 |    34 |    26 |    19 ||   119
       Ration            |       |       |     2 |     1 |       |     5 |       ||     8
Armor: Scale mail        |    31 |    61 |   127 |   131 |       |       |       ||   350
       Chain mail        |       |       |       |    25 |   340 |   367 |   184 ||   916
Dodge: Dodged            |    19 |    32 |    83 |   195 |   279 |   304 |   164 ||  1076
Block: Shield            |    31 |    80 |   182 |   439 |   860 |   124 |       ||  1716
       Reflection        |       |       |       |    40 |    95 |   197 |   101 ||   433
       Large shield      |       |       |       |       |       |  1479 |  1004 ||  2483

Table legend:
 A = Non-vault XP
 B = Vault XP
 C = Vault XP percentage of total XP
 D = Non-vault monster count
 E = Vault monster count
 F = Vault count percentage of total count
                 A         B        C        D         E       F
            +---------+---------+-------+---------+---------+-------
      Total |  342934 |  223028 |  39.4 |    1147 |     451 |  28.2
            +---------+---------+-------+---------+---------+-------
        D:1 |      29 |       0 |   0.0 |      11 |       0 |   0.0
        D:2 |      87 |      51 |  37.0 |      19 |      14 |  42.4
        D:3 |      42 |     316 |  88.3 |      16 |      10 |  38.5
        D:4 |     159 |       0 |   0.0 |      14 |       0 |   0.0
        D:5 |     611 |     274 |  31.0 |      22 |       1 |   4.3
        D:6 |     822 |       0 |   0.0 |      25 |       0 |   0.0
        D:7 |    1280 |     225 |  15.0 |      21 |       2 |   8.7
        D:8 |    2743 |    1278 |  31.8 |      24 |      11 |  31.4
        D:9 |    1759 |       0 |   0.0 |      29 |       0 |   0.0
       D:10 |    4695 |       0 |   0.0 |      24 |       0 |   0.0
       D:11 |    5580 |    7487 |  57.3 |      43 |      40 |  48.2
       D:12 |    4399 |    1107 |  20.1 |      21 |       1 |   4.5
       D:13 |    8492 |    9681 |  53.3 |      31 |      26 |  45.6
       D:14 |   11237 |    7703 |  40.7 |      43 |      24 |  35.8
       D:15 |    7818 |    2324 |  22.9 |      28 |       4 |  12.5
     Lair:1 |     755 |     557 |  42.5 |       4 |       1 |  20.0
     Lair:2 |    2121 |     446 |  17.4 |       6 |       4 |  40.0
     Lair:3 |    8506 |    1106 |  11.5 |      29 |       1 |   3.3
     Lair:4 |    5082 |    1404 |  21.6 |      25 |       2 |   7.4
     Lair:5 |   10367 |       0 |   0.0 |      37 |       0 |   0.0
     Lair:6 |   18619 |    2767 |  12.9 |      52 |       5 |   8.8
    Swamp:1 |    8494 |    1704 |  16.7 |      25 |       4 |  13.8
    Swamp:2 |   11765 |    3138 |  21.1 |      46 |       1 |   2.1
    Swamp:3 |   16533 |    3846 |  18.9 |      40 |       3 |   7.0
    Swamp:4 |   14421 |   14632 |  50.4 |      31 |      25 |  44.6
    Snake:1 |   11028 |       0 |   0.0 |      24 |       0 |   0.0
    Snake:2 |    9659 |    2909 |  23.1 |      24 |       6 |  20.0
    Snake:3 |   18862 |   11022 |  36.9 |      35 |       9 |  20.5
    Snake:4 |   27392 |   33352 |  54.9 |      57 |      43 |  43.0
      Orc:1 |    4000 |    2584 |  39.2 |      42 |       3 |   6.7
      Orc:2 |    8849 |    4745 |  34.9 |      49 |      41 |  45.6
   Vaults:1 |   29476 |   32719 |  52.6 |      56 |      49 |  46.7
   Vaults:2 |   17337 |   30507 |  63.8 |      38 |      37 |  49.3
   Vaults:3 |   21660 |   29469 |  57.6 |      41 |      31 |  43.1
    Abyss:2 |   13697 |      78 |   0.6 |      47 |       4 |   7.8
    Abyss:3 |   17359 |       0 |   0.0 |      37 |       0 |   0.0
    Abyss:4 |   17199 |       0 |   0.0 |      31 |       0 |   0.0
      IceCv |       0 |    9292 | 100.0 |       0 |      36 | 100.0
 Desolation |       0 |    6305 | 100.0 |       0 |      13 | 100.0
            +---------+---------+-------+---------+---------+-------
